 Dungeon Crawl Stone Soup version 0.29-a0-872-g797fff5ad1 (webtiles) character file.

Game seed: 4163905205140592518

829 siradein the Ruffian (level 7, 0/65 (71) HPs)
             Began as a Troll Fighter on July 19, 2022.
             Was a Believer of Fedhas.
             Slain by a wight
             ... wielding a +2 battleaxe of freezing
              (7 damage)
             ... on level 5 of the Dungeon.
             The game lasted 00:09:10 (4141 turns).

siradein the Ruffian (Troll Fighter)                Turns: 4141, Time: 00:09:10

HP:   0/65 (71)     AC:  6    Str: 25    XL:     7   Next: 65%
MP:   7/7           EV:  9    Int:  4    God:    Fedhas [**....]
Gold: 189           SH:  8    Dex: 11    Spells: 6/6 levels left

rFire   . . .      SeeInvis .     - Unarmed
rCold   + + .      Faith    .   b - +0 kite shield
rNeg    . . .      Spirit   .   n - +1 robe of Mysticism {rC+}
rPois   .          Reflect  .   r - +1 hat
rElec   .          Harm     .   (no cloak)
rCorr   .          Rampage  .   (gloves unavailable)
Will    .....                   (boots unavailable)
Stlth   +.........              (no amulet)
HPRegen 1.00/turn               o - ring of protection from cold
MPRegen 0.10/turn               (no ring)

@: drained
A: large, unfitting armour, claws 3, regeneration 1, shaggy fur 1, tough skin 1
a: Renounce Religion, Wall of Briars


You were on level 5 of the Dungeon.
You worshipped Fedhas.
Fedhas was pleased with you.
You visited 1 branch of the dungeon, and saw 6 of its levels.

You collected 189 gold pieces.

Inventory:

Missiles
 a - 22 stones (quivered)
 h - 2 throwing nets
 t - 6 javelins
Armour
 b - a +0 kite shield (worn)
 n - the +1 robe of Mysticism (worn) {rC+}
   (You found it on level 3 of the Dungeon)

   rC:        It protects you from cold.
 r - a +1 hat (worn)
Jewellery
 o - a ring of protection from cold (left claw)
Scrolls
 d - 10 scrolls of identify {unknown}
 e - 2 scrolls of teleportation {unknown}
 f - 2 scrolls of enchant weapon {unknown}
 g - 2 scrolls of vulnerability {unknown}
 i - 2 scrolls of fog {unknown}
 l - 2 scrolls of poison {unknown}
 m - 2 scrolls of brand weapon {unknown}
 q - 2 scrolls of immolation {unknown}
 u - a scroll of noise {unknown}
Potions
 c - a potion of might
 j - a potion of degeneration {unknown}
 k - 2 potions of lignification {unknown}
 p - a potion of ambrosia {unknown}
 s - a potion of curing {unknown}


   Skills:
 + Level 4.7 Fighting
 + Level 1.5 Throwing
 + Level 3.4 Dodging
 + Level 3.7 Shields
 + Level 5.2 Unarmed Combat
 + Level 1.9 Invocations


You had 6 spell levels left.
You didn't know any spells.
Your spell library contained the following spells:

 Spells                   Type           Power      Damage    Failure   Level
 Ensorcelled Hibernation  Hex/Ice        0%         N/A       90%         2
 Passwall                 Tmut/Erth      0%         N/A       90%         2
 Swiftness                Air            0%         N/A       99%         3


Dungeon Overview and Level Annotations

Branches:
Dungeon (6/15)
 Temple: D:4-7

Altars:
Fedhas
Gozag
Nemelex Xobeh

Annotations:
D:3 2 transporters


Innate Abilities, Weirdness & Mutations

You are too large for most types of armour.
You have claws for hands.
Your natural rate of healing is unusually fast.
You are covered in fur. (AC +1)
You have tough skin. (AC +1)


Message History

Done exploring.
(D) Dungeon
Where to? (Enter - D:5, ? - help)
What level of the Dungeon? (default 1, ? - help)
There is a stone staircase leading down here.
You climb downwards.
Found a stone staircase leading up.
There is a stone staircase leading up here.
There are monsters nearby!
The wight completely misses you. The wight hits you with a +3 battleaxe!
You closely miss the wight. The wight closely misses you. The wight misses you.
The wight hits you with a +3 battleaxe!
You feel drained.
You scratch the wight but do no damage. You block the wight's attack.
The wight hits you with a +2 battleaxe of freezing!
The wight freezes you. The wight barely misses you.
You are too injured to fight recklessly!
You are too injured to fight recklessly!
You are too injured to fight recklessly!
The wight hits you from afar with a +0 halberd!
* * * LOW HITPOINT WARNING * * *
You feel drained.
* * * LOW HITPOINT WARNING * * *
There is a stone staircase leading up, spattered with blood here.
The wight hits you from afar with a +0 halberd!
* * * LOW HITPOINT WARNING * * *
The wight hits you with a +2 battleaxe of freezing.
* * * LOW HITPOINT WARNING * * *
You climb upwards.
There is a stone staircase leading down here.
You scratch the wight.
The wight is lightly damaged.
The wight barely misses you.
You barely miss the wight.
The wight is lightly damaged.
You block the wight's attack.
You claw the wight!
The wight is almost destroyed.
The wight hits you with a +2 battleaxe of freezing!
You die...
Fedhas appreciates your contribution to the ecosystem.

##### ### ### #.... ###.#
###.########... ##.#.#
######.........##... ##.##.##
#.##...............#
#..##..####..................#
#.[.....#....z...............#
#.##......#..@...............#
######...##......<...........#
##.###...............###. #.#
##............### #. #.##
##.........### ##.
#..###.#........## #.#
##.....#########.## #>#
####...### ##.####.# ##....###
##.##..#


You could see a wight.

Vanquished Creatures
  Edmund (D:4)
  A black bear (D:3)
  An ice beast (D:5)
  A centaur (D:4)
  A phantom (D:5)
  2 scorpions (D:5)
  Natasha (thrice) (D:3)
  Robin (D:4)
  3 adders
  6 gnolls
  A white imp (D:5)
  An ufetubus (D:5)
  A dart slug (D:1)
  An orc (D:5)
  6 ball pythons
  4 bats
  4 endoplasms
  5 giant cockroaches
  12 goblins
  6 hobgoblins
  14 jackals
  3 kobolds
  3 quokkas
  3 frilled lizards
  A rat (D:1)
85 creatures vanquished.

Notes
Turn   | Place    | Note
-------+----------+-------------------------------------------
     0 | D:1      | siradein the Troll Fighter began the quest for the Orb.
     0 | D:1      | Reached XP level 1. HP: 22/22 MP: 0/0
   234 | D:1      | Reached XP level 2. HP: 29/29 MP: 1/1
   638 | D:2      | Reached XP level 3. HP: 36/36 MP: 2/2
  1256 | D:2      | Found a faded altar of an unknown god.
  1323 | D:2      | Prayed at the altar of an unknown god.
  1323 | D:2      | Became a worshipper of Fedhas Madash
  1323 | D:2      | Reached * piety under Fedhas
  1426 | D:3      | Reached skill level 3 in Unarmed Combat
  1447 | D:3      | Found a transporter.
  1466 | D:3      | Found an opulent altar of Gozag.
  1512 | D:3      | Identified the +1 robe of Mysticism {rC+}
  1651 | D:3      | Noticed Natasha
  1656 | D:3      | Killed Natasha
  1657 | D:3      | Reached XP level 4. HP: 45/45 MP: 3/3
  1821 | D:3      | Found a transporter.
  1850 | D:3      | Noticed Natasha
  1856 | D:3      | Killed Natasha
  1900 | D:3      | Noticed Natasha
  1908 | D:3      | Killed Natasha
  1909 | D:3      | Reached XP level 5. HP: 38/53 MP: 4/4
  2329 | D:4      | Noticed a black bear
  2378 | D:3      | Killed a black bear
  2379 | D:3      | Reached skill level 4 in Unarmed Combat
  2379 | D:3      | Reached XP level 6. HP: 58/62 MP: 5/5
  2407 | D:4      | Reached ** piety under Fedhas
  2451 | D:4      | Noticed Robin
  2474 | D:4      | Killed Robin
  2680 | D:4      | Noticed Edmund
  2700 | D:4      | Killed Edmund
  2701 | D:4      | Reached skill level 1 in Invocations
  2701 | D:4      | Reached XP level 7. HP: 71/71 MP: 3/6
  3016 | D:5      | Entered Level 5 of the Dungeon
  3041 | D:5      | Reached skill level 1 in Throwing
  3041 | D:5      | Reached skill level 5 in Unarmed Combat
  3249 | D:5      | Found a sparkling altar of Nemelex Xobeh.
  4137 | D:6      | HP: 2/65 [wight/+2 battleaxe of freezing (3)]
  4141 | D:5      | Slain by a wight

Illustrated notes

Levels and vault maps discovered:
D:1:      zelgadis_glass_arrival_small, layout_loops_ring,
          kennysheep_nondescript, minmay_misc_feat_square
D:2:      layout_loops_ring, dilly_ecumenical_altar_fadedgnrine,
          ebering_dispersal_statue_hall
D:3:      gammafunk_wand_slinger, layout_basic, grunt_gozag_breadcrumbs,
          st_stairs_14, uniq_natasha
D:4:      layout_loops_ring, minivault_4, uniq_edmund, uniq_robin
D:5:      layout_layer_cave, mainiacjoe_overflow_surrounded_room,
          minmay_misc_feat_columns
D:6:      layout_basic, led_xom_imps, uniq_eustachio, uniq_maggie

Skill      XL: |  1  2  3  4  5  6  7 |
---------------+----------------------+-----
Shields        | 3 |  3.7
Fighting       | 3 4 |  4.7
Unarmed Combat | 3 4 5 |  5.2
Dodging        | 3 |  3.4
Invocations    | 1 |  1.9
Throwing       | 1 |  1.5

Action                   |  1- 3 |  4- 6 |  7- 9 || total
-------------------------+-------+-------+-------++-------
Melee: Unarmed           |   140 |    81 |    49 ||   270
Throw: Stone             |       |    11 |       ||    11
Invok: Wall of Briars    |       |     1 |       ||     1
 Stab: Sleeping          |     2 |       |       ||     2
Armor: Robe              |    50 |    29 |    16 ||    95
Dodge: Dodged            |    58 |    44 |    16 ||   118
Block: Kite shield       |    62 |    41 |    14 ||   117

Table legend: (Time is in decaauts)
 A = Elapsed time spent in this place.
 B = Non-inter-level travel time spent in this place.
 C = Inter-level travel time spent in this place.
 D = Time resting spent in this place.
 E = Time spent auto-exploring this place.
 F = Levels seen in this place.
 G = Mean time per level.
                   A        B        C        D        E       F      G
               +--------+--------+--------+--------+--------+-----+--------+
         Total |   4165 |   4027 |    138 |      8 |   3373 |   6 |  694.2 |
       Dungeon |   4165 |   4027 |    138 |      8 |   3373 |   6 |  694.2 |
               +--------+--------+--------+--------+--------+-----+--------+

Top non-repeatable levels by time:
     D:5: 1121 daAuts
     D:3: 1042 daAuts
     D:2: 729 daAuts
     D:1: 637 daAuts
     D:4: 629 daAuts
     D:6: 5 daAuts
